 Dungeon Crawl Stone Soup version 0.18-a0-1577-gf591c28 (webtiles) character file.

2085 M4edhros the Slinger (level 9, -1/53 (54) HPs)
             Began as an Octopode Hunter on Mar 19, 2016.
             Slain by a troll (14 damage)
             ... on level 7 of the Dungeon.
             The game lasted 00:18:15 (9767 turns).

M4edhros the Slinger (Octopode Hunter)              Turns: 9767, Time: 00:18:15

HP:   -1/53 (54)    AC:  5    Str: 16    XL:     9   Next: 27%
MP:   0/9           EV: 13    Int: 16    God:    Xom [*.....]
Gold: 306           SH:  0    Dex: 13    Spells: 0 memorised, 8 levels left

rFire  + . .     SeeInvis .     a - +2 hunting sling
rCold  . . .     Gourm    .     (no shield)
rNeg   . . .     Faith    .     q - +2 hat
rPois  .         Spirit   +     o - amulet of guardian spirit
rElec  .         Dismiss  .     n - ring of protection from fire
rCorr  .         Reflect  .     B - +5 ring of strength
SustAt .         Harm     .     F - +2 ring of protection
MR     .....                    (no ring)
Stlth  +++.......               (no ring)
                                (no ring)
                                (no ring)
                                (no ring)

@: flying, hasted, very quick, not resistant to hostile enchantments, fairly
stealthy
A: almost no armour, amphibious, 8 rings, constrict 8, camouflage 1, gelatinous
body 1
a: Renounce Religion


You were on level 7 of the Dungeon.
You worshipped Xom.
You were a special plaything of Xom.
You were near starving.

You visited 2 branches of the dungeon, and saw 8 of its levels.
You also visited: Sewer and Ossuary.

You collected 306 gold pieces.

Inventory:

Hand Weapons
 a - a +2 hunting sling (weapon)
 b - a +0 short sword
 H - a +0 scythe of freezing
Missiles
 c - 49 sling bullets (quivered)
 f - 22 silver sling bullets
 l - 109 stones
Armour
 q - a +2 hat (worn)
Jewellery
 n - a ring of protection from fire (left tentacle)
 o - an amulet of guardian spirit (around mantle)
 B - a +5 ring of strength (right tentacle)
 F - a +2 ring of protection (on tentacle)
Wands
 r - a wand of paralysis (0/24)
 u - a wand of lightning (12/15)
Scrolls
 e - 3 scrolls of fear {unknown}
 g - a scroll of recharging {unknown}
 h - a scroll of remove curse {unknown}
 i - 7 scrolls of random uselessness
 m - 3 scrolls of magic mapping {unknown}
 p - 8 scrolls of identify
 x - 3 scrolls of teleportation {unknown}
 y - 2 scrolls of blinking {unknown}
 C - 3 scrolls of fog
 J - 2 scrolls of noise
 M - 2 scrolls of enchant armour {unknown}
Potions
 j - 10 potions of degeneration
 s - 2 potions of magic
 t - 4 potions of brilliance
 v - a potion of might
 z - a potion of haste
 D - a potion of berserk rage {unknown}
 G - a potion of invisibility {unknown}
 I - a potion of ambrosia {unknown}
 K - 2 potions of lignification {unknown}
 L - a potion of mutation {unknown}
Comestibles
 d - 6 bread rations
 k - 4 fruits
 A - a beef jerky
 E - 4 meat rations


   Skills:
 - Level 2.0 Fighting
 - Level 12.0 Slings
 + Level 3.5 Dodging
 - Level 1.3 Stealth


You had 8 spell levels left.
You didn't know any spells.

Dungeon Overview and Level Annotations

Branches:
Dungeon (7/15)             Temple (1/1) D:6

Altars:
Ashenzari
Cheibriados
Dithmenos
Elyvilon
Fedhas
Gozag
Kikubaaqudgha
Makhleb
Nemelex Xobeh
Okawaru
Pakellas
Qazlal
Ru
Sif Muna
Trog
Vehumet
Xom
Zin
The Shining One

Shops:
D:5 *

Annotations:
D:5 M4edhros's ghost, novice OpHu


Innate Abilities, Weirdness & Mutations

You cannot wear most types of armour.
You are amphibious.
You can wear up to eight rings at the same time.
You can use your tentacles to constrict eight enemies at once.
Your skin changes colour to match your surroundings (Stealth).
Your rubbery body absorbs attacks (AC +1).


Message History

You are confused.
Drink which item? (? for menu, Esc to quit)
It was a potion of magic.
Magic courses through your body.
Xom thinks this is hilarious!
The troll bites you. The troll claws you. The troll claws you!
Drink which item? (? for menu, Esc to quit)
It was a potion of flight.
You feel very buoyant.
You fly up into the air.
The troll bites you! The troll claws you! The troll claws you.
You bump into the rock wall.
Your tentacles stop glowing.
The troll closely misses you. The troll barely misses you. The troll claws you!
* * * LOW HITPOINT WARNING * * *
Drink which item? (? for menu, Esc to quit)
It was a potion of haste.
You feel yourself speed up.
You feel less confused. The troll bites you!
You die...
Xom laughs nastily!

...............#########......##.
..........>....'.......+......+..
...............#########......#..
......####.#.<...#...............
..(.....##....#.##(#############.
#####...##.#..#....#..........#<.
#...##.#..######.########.#..
#...##'#.....# #.# #......#..
#...#....###@###.# #......#..
#...#....#.#T..#.###......#..
#...#........................
#...#....#...#.#.###...)..#..
#...#........#.#.# #......#..
########.....#.#.# #......#..
#.........# #......#..
###'#+###.### ######.#..
#.......#.##########.#..


You could see a troll.

Vanquished Creatures
  Sigmund (D:5)
  A necrophage (D:7)
  An ogre (D:4)
  2 phantoms
  A centaur (D:6)
  3 big kobolds (Sewer)
  2 giant frogs (D:7)
  A scorpion (D:4)
  2 giant frog zombies (D:6)
  2 centaur zombies
  4 crimson imps
  2 hounds (D:6)
  A jelly (D:6)
  2 orc priests
  Ijyb (D:3)
  A gnoll shaman (D:6)
  2 iguanas
  2 orc wizards
  4 worker ants
  Natasha (thrice) (D:4)
  A big kobold zombie (Ossuary)
  4 mummies (Ossuary)
  3 worker ant zombies
  9 gnolls
  4 adders
  A shadow imp (D:5)
  3 oozes (Sewer)
  A worm (Sewer)
  5 giant geckos
  12 orcs
  7 ball pythons
  3 bats
  A giant cockroach (D:2)
  18 goblins
  4 hobgoblins
  12 jackals
  5 quokkas
  A giant gecko zombie (D:7)
  12 giant newts
  A gnoll zombie (Ossuary)
  3 goblin zombies (Ossuary)
  A jackal skeleton (D:6)
  A jackal zombie (D:6)
  15 kobolds
  2 kobold zombies (Ossuary)
  A quokka skeleton (D:4)
  A quokka zombie (D:5)
  12 rats
181 creatures vanquished.

Notes
Turn   | Place    | Note
--------------------------------------------------------------
     0 | D:1      | M4edhros the Octopode Hunter began the quest for the Orb.
     0 | D:1      | Reached XP level 1. HP: 14/14 MP: 1/1
   124 | D:1      | Reached XP level 2. HP: 19/19 MP: 2/2
   292 | D:1      | Found a glowing golden altar of the Shining One.
   819 | D:2      | Reached XP level 3. HP: 22/24 MP: 3/3
   914 | D:2      | Reached skill level 5 in Slings
  1687 | D:3      | Reached XP level 4. HP: 19/29 MP: 2/4
  1777 | D:3      | Found an oddly glowing altar of Pakellas.
  1825 | D:3      | Noticed Ijyb
  1847 | D:3      | Paralysed by Ijyb for 5 turns
  1862 | D:3      | HP: 1/29 [Ijyb/dagger (3)]
  1865 | D:3      | Killed Ijyb
  1865 | D:3      | Reached skill level 6 in Slings
  1865 | D:3      | Reached XP level 5. HP: 1/34 MP: 2/5
  2094 | D:3      | Found a glowing drain.
  2098 | Sewer    | Entered a sewer
  2231 | Sewer    | Noticed a big kobold
  2255 | Sewer    | Killed a big kobold
  2255 | Sewer    | Reached skill level 7 in Slings
  2255 | Sewer    | Reached XP level 6. HP: 39/39 MP: 6/6
  2646 | Sewer    | Reached skill level 8 in Slings
  3131 | D:4      | Reached XP level 7. HP: 11/45 MP: 1/7
  3543 | D:4      | Noticed Natasha
  3550 | D:4      | Killed Natasha
  3992 | D:4      | Noticed Natasha
  3997 | D:4      | Killed Natasha
  4215 | D:5      | Entered Level 5 of the Dungeon
  4215 | D:5      | Noticed M4edhros's ghost (novice OpHu)
  4362 | D:5      | Reached skill level 9 in Slings
  4559 | D:5      | Found Gozag's Platinum Reserve.
  4563 | D:5      | Found an opulent altar of Gozag.
  4575 | D:5      | Noticed Sigmund
  4584 | D:5      | HP: 2/45 [something (2)]
  4598 | D:5      | Killed Sigmund
  4598 | D:5      | Reached XP level 8. HP: 16/50 MP: 2/8
  4613 | D:5      | Found a sand-covered staircase.
  4640 | Ossuary  | Entered an ossuary
  4955 | Ossuary  | Reached skill level 10 in Slings
  5424 | D:4      | Noticed Natasha
  5435 | D:4      | Killed Natasha
  6590 | D:6      | Found a staircase to the Ecumenical Temple.
  6599 | Temple   | Entered the Ecumenical Temple
  6653 | Temple   | Became a worshipper of Xom of Bone-Dry Humour
  6770 | D:6      | XOM: divination: detect creatures
  6929 | D:6      | XOM: silly message
  6940 | D:6      | XOM: silly message
  7214 | D:6      | XOM: silly message
  7335 | D:6      | Reached skill level 11 in Slings
  7882 | D:6      | Reached XP level 9. HP: 54/54 MP: 9/9
  8223 | D:6      | XOM is BORED!
  8223 | D:6      | XOM: harmless Tloc miscast
  8492 | D:6      | XOM: harmless Summ miscast
  8577 | D:7      | Reached skill level 12 in Slings
  8581 | D:7      | XOM: silly message
  9044 | D:7      | XOM is BORED!
  9044 | D:7      | XOM: mild Necr miscast
  9262 | D:7      | XOM: harmless Tloc miscast
  9432 | D:7      | XOM: harmless Ice miscast
  9662 | D:7      | XOM: cast spell 'Spider Form'
  9705 | D:7      | Noticed a troll
  9755 | D:7      | XOM: divination: detect items
  9756 | D:7      | XOM: cast spell 'Confusing Touch'
  9762 | D:7      | XOM: confusion
  9767 | D:7      | Slain by a troll

Vault maps used:
D:1:      lightli_arrival_statuegarden, roderic_lattice_a, tso_metal_star
D:2:      kennysheep_big_empty_room
D:3:      kennysheep_the_goblin_king, first_bread, gup_sewer_entry_bowl,
          grunt_pakellas_basics
D:4:      uniq_natasha
D:5:      enter_ossuary_1, nicolae_gozag_zags_fifth_avenue, uniq_sigmund
D:6:      minmay_temple_entry_trees
D:7:      lemuel_doored_altar, serial_shops, kennysheep_mini_moat,
          nicolae_qazlal_eye_of_the_storm
Temple:   grunt_circular_temple_18
Sewer:    sewer_co_15_rooms
Ossuary:  ossuary_crypta

Skill      XL: |  1  2  3  4  5  6  7  8  9 |
---------------+----------------------------+-----
Slings         | 5 6 7 8 9 11 12 | 12.0
Dodging        | 3 |  3.5
Fighting       | |  2.0
Stealth        | |  1.3

Action                   |  1- 3 |  4- 6 |  7- 9 || total
-------------------------+-------+-------+-------++-------
Melee: Short sword       |    84 |    43 |   121 ||   248
 Fire: Hunting sling     |     7 |   147 |   390 ||   544
Evoke: Wand              |       |       |     5 ||     5
  Use: Potion            |       |     2 |     8 ||    10
       Scroll            |       |       |     5 ||     5
 Stab: Sleeping          |     6 |     2 |     3 ||    11
       Distracted        |     1 |       |       ||     1
  Eat: Chunk             |     1 |     6 |    18 ||    25
